Unix NetHack Version 5.0.0-0 post-release - last build May 17 2026 04:57:42 (dc50c8380fa5e20985bfe3072449f57b8d9895ef,branch:main).

Game began 2026-05-21 00:07:52, ended 2026-05-21 00:28:40.

BeardyHaddock, neutral female gnomish Archeologist

                                     ----------                 --------------
                                     |....>...|                 .`...........|
                                    #.........+      ------     |...@d(......|
                                   ##---.------      |....|     +...a........|
                                   ##   ##           |....|     --.-|---------
                                   #     #           |..<.|       # #
                                  ##     #           |....|       # #
                                  #      ###         ---.--       # ##
                                  #      --|-+.         #         #
   --------------                 #      |.....#        #         #
   |.............###              #      |....|#       ##         #
   |............|  ##  -----------#      |....|##      #          #
   |............|  ####..........|#      |....| ##     #          #
   |...^........|      |..........#      ------  # ----.------    #
   |............|      |.........|               ##|.........|    #
   --------------      |.........|               ##|.........|    #
                       |.........|                #|..........#####
                       -----------                #..........|
                                                   -----------

BeardyHaddock the Field Worker  St:13 Dx:10 Co:15 In:16 Wi:16 Ch:9  Neutral
Dlvl:4  $:140 HP:0(30) Pw:26(26) AC:9  Xp:4 T:2755  Satiated

Latest messages:
 THUD!
 In what direction? 4
 You kick a chest.
 THUD!
 You hear a muffled shatter.
 In what direction? 4
 You kick a chest.
 THUD!
 You hear a muffled cracking.
 In what direction? 4
 You kick a chest.
 THUD!
 In what direction? 4
 You kick a chest.
 THUD!
 In what direction? 4
 You kick a chest.
 THUD!
 You break open the lock!
 In what direction? 4
 You kick a broken chest.
 THUD!
 You see here a broken chest.
 Q - a eucalyptus leaf.
 You decipher the label on your scroll labeled ELBIB YLOH.
 R - a scroll of enchant armor.
 You decipher the label on your scroll labeled HAPAX LEGOMENON.
 S - a scroll of enchant weapon.
 T - a topaz ring.
 U - 2 worthless pieces of yellowish brown glass.
 What do you want to drop? [$a-jmnrtuyDEGM-OQ-U or ?*] e
 You drop a +0 pick-axe.
 e - a +0 pick-axe.
 What do you want to wield? [- aeG or ?*] e
 e - a +0 pick-axe (weapon in left hand).
 What do you want to drop? [$a-jmnrtuyDEGM-OQ-U or ?*] U
 You drop 2 worthless pieces of yellowish brown glass.
 The door opens.
 You hit the giant ant.
 The giant ant bites!
 The giant ant bites!
 You miss the giant ant.
 The giant ant bites!
 The giant ant bites!
 The giant ant bites!
 You see here 2 worthless pieces of yellowish brown glass.
 The giant ant bites!
 You die...
 Do you want your possessions identified? [ynq] (y) y
 Do you want to see your attributes? [ynq] (y) q

Inventory:
 Coins    ('$')
  $ - 140 gold pieces
 Weapons  (')')
  G - 4 +0 darts (at the ready)
  a - a +2 bullwhip (alternate weapon; not wielded)
 Armor    ('[')
  c - an uncursed +0 fedora (being worn)
  b - a blessed +0 leather jacket (being worn)
 Comestibles  ('%')
  D - an uncursed slime mold
  Q - an uncursed eucalyptus leaf
  d - 2 uncursed food rations
  y - 3 uncursed food rations
  O - an uncursed lembas wafer
  i - an uncursed orange
 Scrolls  ('?')
  u - an uncursed scroll of blank paper
  R - an uncursed scroll of enchant armor
  S - an uncursed scroll of enchant weapon
  j - an uncursed scroll of food detection
  E - a blessed scroll of light
  n - an uncursed scroll of scare monster
  M - an uncursed scroll of teleportation
 Potions  ('!')
  t - an uncursed potion of levitation
 Rings    ('=')
  T - an uncursed ring of regeneration
 Wands    ('/')
  m - a wand of speed monster (0:4)
 Tools    ('(')
  h - an empty uncursed sack
  N - an uncursed brass lantern
  e - a +0 pick-axe (weapon in left hand)
  f - a tinning kit (0:80)
  r - a cursed towel
 Gems/Stones  ('*')
  g - an uncursed touchstone

BeardyHaddock the Archeologist's attributes:

Background:
 You were a Field Worker, a level 4 female gnomish Archeologist.
 You were neutral, on a mission for Camaxtli
 who was opposed by Quetzalcoatl (lawful) and Huhetotl (chaotic).
 You were left-handed.
 You were in the Dungeons of Doom, on level 4.
 You entered the dungeon 2755 turns ago.
 It was the midnight hour.
 You had 95 experience points, 65 more were needed to attain level 5.

Basics:
 You had 0 out of 30 hit points.
 You had all 26 energy points (spell power).
 Your armor class was 9.
 Your wallet contained 140 zorkmids.
 Autopickup was off.

Final Characteristics:
 Your strength was 13 (limit:18/50).
 Your dexterity was 10 (limit:18).
 Your constitution was 15 (limit:18).
 Your intelligence was 16 (limit:19).
 Your wisdom was 16 (limit:18).
 Your charisma was 9 (limit:18).

Final Status:
 You were satiated.
 You were unencumbered.
 You were wielding a pick-axe.
 You had basic skill with pick-axe.

Final Attributes:
 You were piously aligned.
 You had automatic searching.
 You had infravision.
 You were lucky.
 You are dead.

Miscellaneous:
 You didn't encounter any bones levels.
 Total elapsed playing time was 20 minutes and 46 seconds.

Major events:
 Turn
    1: BeardyHaddock the neutral female gnomish Archeologist entered the dungeon
 1792: attained the rank of Field Worker (level 3)
 2755: killed by a giant ant

Spells:
 Name                 Level Category     Fail Retention
 fireball               4   attack       100%  76%-100%

Skills:
 Fighting Skills
   bare handed combat [Unskilled]
   two weapon combat  [Unskilled]
   riding             [Unskilled]
 Weapon Skills
   dagger             [Unskilled]
   knife              [Unskilled]
   pick-axe           [Basic]
   short sword        [Unskilled]
   saber              [Unskilled]
   club               [Unskilled]
   quarterstaff       [Unskilled]
   sling              [Unskilled]
   dart               [Unskilled]
   boomerang          [Unskilled]
   whip               [Basic]
   unicorn horn       [Unskilled]
 Spellcasting Skills
   attack spells      [Unskilled]
   healing spells     [Unskilled]
   divination spells  [Unskilled]
   matter spells      [Unskilled]

Voluntary challenges:
 Character rerolling was not enabled.
 You never genocided any monsters.
 You never polymorphed an object.
 You never changed form.
 You used no wishes.
Achievements:
 You entered a shop.
 You attained the rank of Field Worker.

 The Dungeons of Doom: levels 1 to 5
    Level 1:
       Many altars, a fountain.
    Level 2:
       A weapon shop.
    Level 3:
       A general store.
    Level 4: <- You were here.
       Final resting place for
          you, killed by a giant ant.
    Level 5:


Vanquished creatures:
  a giant ant
  a floating eye
  a kitten
  a kobold leader
  a rothe
  a giant bat
 an iguana
 an acid blob
  a hobbit
  a large kobold
  a green mold
  a garter snake
  a gnome zombie
  2 geckos
  6 jackals
  a fox
  a goblin
  a sewer rat
  a grid bug
  3 lichens
  6 newts
34 creatures vanquished.

No species were genocided or became extinct.

Game over:
                       ----------
                      /          \
                     /    REST    \
                    /      IN      \
                   /     PEACE      \
                  /                  \
                  |  BeardyHaddock   |
                  |      140 Au      |
                  |   killed by a    |
                  |    giant ant     |
                  |                  |
                  |                  |
                  |       2026       |
                 *|     *  *  *      | *
        _________)/\\_//(\/(/\)/\//\/|_)_______

Goodbye BeardyHaddock the Archeologist...

You died in The Dungeons of Doom on dungeon level 4 with 716 points,
and 140 pieces of gold, after 2755 moves.
You were level 4 with a maximum of 30 hit points when you died.

